 Dungeon Sprint DCSS version 0.27-a0-550-ge92ec0ca06 (webtiles) character file.

Game seed: 428449240959817413

1307 rocky1 the Geomancer (level 8, -3/51 HPs)
             Began as an Octopode Earth Elementalist on Mar 8, 2021.
             Was a High Priest of Sif Muna.
             Slain by a freezing wraith (21 damage)
             ... in the Dungeon (Sprint VII: "The Pits").
             The game lasted 00:06:36 (1074 turns).

rocky1 the Geomancer (Octopode Earth Elementalist)  Turns: 1074, Time: 00:06:37

Health: -3/51      AC:  1    Str:  7    XL:     8   Next: 57%
Magic:  7/15       EV: 15    Int: 19    God:    Sif Muna [*****.]
Gold:   0          SH:  0    Dex: 13    Spells: 2/16 levels left

rFire    . . .     SeeInvis .   l - +0 quarterstaff (speed)
rCold    . . .     Faith    .   (shield currently unavailable)
rNeg     . . .     Spirit   .   (helmet restricted)
rPois    .         Reflect  .   (no amulet)
rElec    .         Harm     .   (no ring)
rCorr    .         Rampage  .   (no ring)
Will     .....     NoTele   +   (no ring)
Stlth    ++++......             (no ring)
HPRegen  0.17/turn              (no ring)
MPRegen  0.14/turn              (no ring)
                                (no ring)
                                (no ring)

@: slowed, very slow
A: almost no armour, amphibious, 8 rings, constrict 8, camouflage 1, gelatinous
body 1, nimble swimmer 1
a: Renounce Religion, Channel Magic, Forget Spell, Divine Exegesis


You were in the Dungeon.
You worshipped Sif Muna.
Sif Muna was extremely pleased with you.
You visited 1 branch

Inventory:

Hand Weapons
 k - a +3 long sword of flaming
 l - a +0 quarterstaff of speed (weapon)
Missiles
 b - 11 stones
Scrolls
 h - a scroll of blinking
 i - 5 scrolls of amnesia
 j - a scroll of summoning
Potions
 a - a potion of invisibility
 c - 6 potions of curing
 d - 4 potions of heal wounds
 e - a potion of haste
 f - 2 potions of magic
 g - 3 potions of berserk rage
 m - 2 potions of degeneration {unknown}


   Skills:
 + Level 2.3 Fighting
 + Level 2.3 Staves
 + Level 5.2 Dodging
 + Level 4.6 Stealth
 + Level 4.8 Spellcasting
 + Level 4.6 Conjurations
 + Level 4.8 Transmutations
 + Level 2.4 Fire Magic
 + Level 13.7 Earth Magic
 + Level 5.3 Invocations


You had 2 spell levels left.
You knew the following spells:

 Your Spells              Type           Power      Damage    Failure   Level
a - Sandblast             Erth           100%       2d20      1%          1
b - Stone Arrow           Conj/Erth      78%        3d11      1%          3
c - Lee's Rapid Deconstr  Erth           27%        3d15*     1%          5
d - Bolt of Magma         Conj/Fire/Erth 15%        4d9       21%         5

Your spell library contained the following spells:

 Spells                   Type           Power      Damage    Failure   Level
 Magic Dart               Conj           88%        1d7       1%          1
 Passwall                 Tmut/Erth      32%        N/A       1%          2
 Searing Ray              Conj           44%        3d4       2%          2
 Call Imp                 Summ           4%         N/A       19%         2
 Petrify                  Tmut/Erth      39%        N/A       2%          4
 Iron Shot                Conj/Erth      19%        9d4       41%         6
 Summon Forest            Summ/Tloc      2%         N/A       98%         5
 Conjure Ball Lightning   Conj/Air       6%         3x3d6     100%        6
 Lehudib's Crystal Spear  Conj/Erth      19%        10d6      100%        8
 Shatter                  Erth           27%        3d23*     100%        9


Dungeon Overview and Level Annotations

Branches:
Dungeon (1/1)

Altars:
Ashenzari
Cheibriados
Dithmenos
Elyvilon
Fedhas
Gozag
Hepliaklqana
Kikubaaqudgha
Makhleb
Nemelex Xobeh
Okawaru
Qazlal
Ru
Sif Muna
Trog
Uskayaw
Vehumet
Wu Jian
Xom
Yredelemnul
Zin
The Shining One
Beogh
Jiyva
Lugonu


Innate Abilities, Weirdness & Mutations

You cannot wear most types of armour.
You are amphibious.
You can wear up to eight rings at the same time.
You can use your tentacles to constrict eight enemies at once.
Your skin changes colour to match your surroundings (Stealth+).
Your rubbery body absorbs attacks. (AC +1, EV +1)
You are stealthy while swimming. (Stealth+)


Message History

A metal wall.
The metal wall shatters!
The blast of metal fragments hits the freezing wraith.
The freezing wraith is lightly damaged.
The blast of metal fragments hits the komodo dragon!!
You kill the komodo dragon!
Sif Muna accepts your kill. The freezing wraith misses you.
The freezing wraith hits you!
* * * LOW HITPOINT WARNING * * *
Your Fighting skill increases to level 2!
Your Staves skill increases to level 2!
Your Dodging skill increases to level 5!
Your Stealth skill increases to level 4!
Your Fire Magic skill increases to level 2!
Your Invocations skill increases to level 5!
Unknown command.
You are too injured to fight recklessly!
You feel much better.
The freezing wraith barely misses you. x2
Unknown command.
Casting: Lee's Rapid Deconstruction (dangerous; 1% risk of failure)
Confirm with . or Enter, or press ? or * to list all spells.
Aiming: Lee's Rapid Deconstruction (dangerous; 1% risk of failure)
Press: ? - help, Dir - move target A metal wall.
The metal wall shatters!
The blast of metal fragments hits the freezing wraith!
The freezing wraith is heavily damaged.
You feel less invigorated. The freezing wraith closely misses you.
The freezing wraith hits you. The freezing wraith drains your vigour!
You feel yourself slow down.
Casting: Lee's Rapid Deconstruction (dangerous; 1% risk of failure)
Confirm with . or Enter, or press ? or * to list all spells.
Aiming: Lee's Rapid Deconstruction (dangerous; 1% risk of failure)
Press: ? - help, Dir - move target A metal wall.
The metal wall shatters!
The blast of metal fragments hits the freezing wraith!
The freezing wraith is severely damaged.
The freezing wraith hits you! The freezing wraith freezes you!!
You die...

...#.##.......##.†....#
..)'.##.......##..†.###
#######...<...##...##
[))).##.......##..##
[))..##.......##..#
#######.......##..#
..#†† ##########..+
..#)# ### #..# #.#.#
.b.# #@.# ..#'#....#
#.W# #.#)+...s+ #..†#
..#'#....# #....# ..'†#
B..# #...... ##### ###
########


You could see a freezing wraith.

Vanquished Creatures
  A komodo dragon (D)
  A jumping spider (D)
  A merfolk (D)
  Edmund (D)
  A warg (D)
  An ice beast (D)
  An orc warrior (D)
  An ogre (D)
  A necrophage (D)
  2 oozes (D)
  2 worms (D)
  4 orcs (D)
  A ball python (D)
  A giant cockroach (D)
  2 goblins (D)
  2 hobgoblins (D)
  8 jackals (D)
  A bat (D)
  A kobold (D)
  A rat (D)
34 creatures vanquished.

Notes
Turn   | Place    | Note
-------+----------+-------------------------------------------
     0 | D        | rocky1 the Octopode Earth Elementalist began the quest for
                  | the Orb.
     0 | D        | Reached XP level 1. HP: 11/11 MP: 3/3
    45 | D        | Found a bloodstained altar of Trog.
    45 | D        | Found a shimmering blue altar of Sif Muna.
    45 | D        | Found a viscous altar of Jiyva.
    45 | D        | Found a hazy altar of Hepliaklqana.
    45 | D        | Found an opulent altar of Gozag.
   134 | D        | Found a glowing golden altar of the Shining One.
   134 | D        | Found a glowing silver altar of Zin.
   134 | D        | Found a basalt altar of Yredelemnul.
   134 | D        | Found a shimmering altar of Xom.
   134 | D        | Found an ornate altar of the Wu Jian Council.
   134 | D        | Found a sacrificial altar of Ru.
   134 | D        | Found a stormy altar of Qazlal.
   134 | D        | Found an iron altar of Okawaru.
   134 | D        | Found a sparkling altar of Nemelex Xobeh.
   134 | D        | Found a burning altar of Makhleb.
   134 | D        | Found a blossoming altar of Fedhas.
   134 | D        | Found a white marble altar of Elyvilon.
   134 | D        | Found a shadowy altar of Dithmenos.
   134 | D        | Found a snail-covered altar of Cheibriados.
   137 | D        | Found a corrupted altar of Lugonu.
   137 | D        | Found a radiant altar of Vehumet.
   138 | D        | Found an ancient bone altar of Kikubaaqudgha.
   138 | D        | Found a hide-covered altar of Uskayaw.
   138 | D        | Found a broken altar of Ashenzari.
   139 | D        | Became a worshipper of Sif Muna the Loreminder
   166 | D        | Reached skill level 4 in Earth Magic
   168 | D        | Reached * piety under Sif Muna
   172 | D        | Reached XP level 2. HP: 9/17 MP: 5/5
   330 | D        | Reached ** piety under Sif Muna
   331 | D        | Reached skill level 5 in Earth Magic
   389 | D        | Noticed an ogre
   393 | D        | Killed an ogre
   393 | D        | Reached *** piety under Sif Muna
   394 | D        | Reached skill level 9 in Earth Magic
   394 | D        | Reached XP level 3. HP: 21/21 MP: 1/6
   394 | D        | Reached XP level 4. HP: 27/27 MP: 1/7
   573 | D        | Learned a level 3 spell: Stone Arrow
   597 | D        | Noticed an ice beast
   597 | D        | Noticed an orc warrior
   599 | D        | Noticed a warg
   608 | D        | Killed a warg
   608 | D        | Reached **** piety under Sif Muna
   609 | D        | Reached skill level 11 in Earth Magic
   609 | D        | Reached XP level 5. HP: 25/31 MP: 4/8
   610 | D        | Killed an ice beast
   611 | D        | Reached skill level 13 in Earth Magic
   611 | D        | Reached XP level 6. HP: 30/36 MP: 2/9
   618 | D        | Killed an orc warrior
   618 | D        | Noticed Edmund
   619 | D        | Reached skill level 1 in Conjurations
   619 | D        | Reached ***** piety under Sif Muna
   635 | D        | Identified Bentagawny's Volume of Creation and Arcane
                  | Weapons (Sif Muna gifted it to you in the Dungeon)
   635 | D        | Received a gift from Sif Muna
   636 | D        | Killed Edmund
   637 | D        | Reached XP level 7. HP: 21/41 MP: 7/11
   643 | D        | Learned a level 5 spell: Lee's Rapid Deconstruction
   789 | D        | Noticed a merfolk
   794 | D        | Killed a merfolk
   802 | D        | Identified Dispater's Incunabulum of Ashen Conjuration (Sif
                  | Muna gifted it to you in the Dungeon)
   802 | D        | Received a gift from Sif Muna
   900 | D        | Learned a level 5 spell: Bolt of Magma
   902 | D        | Noticed a tarantella
   902 | D        | Noticed a boulder beetle
   955 | D        | Noticed a jumping spider
   957 | D        | Killed a jumping spider
   958 | D        | Reached skill level 1 in Fighting
   958 | D        | Reached skill level 1 in Staves
   958 | D        | Reached skill level 1 in Fire Magic
   958 | D        | Reached XP level 8. HP: 48/48 MP: 3/14
  1065 | D        | Noticed a freezing wraith
  1067 | D        | Noticed a komodo dragon
  1071 | D        | Killed a komodo dragon
  1072 | D        | Reached skill level 5 in Dodging
  1072 | D        | Reached skill level 5 in Invocations
  1074 | D        | Slain by a freezing wraith

Illustrated notes

Levels and vault maps discovered:
D:        pitsprint [storerooms_1, entrance_room_1, metal_vault_6, armoury_1,
          mini_pit_1, grid_room_1, main_hall_1, silver_pit, the_coven_1,
          the_vestibule_1, steel_vault_1, golden_pit, hallway_of_sentries,
          crystal_vault_6, iron_vault_4, final_vault]

Skill      XL: |  1  2  3  4  5  6  7  8 |
---------------+-------------------------+-----
Earth Magic    | 4 9 11 13 | 13.7
Conjurations   | 2 4 |  4.6
Transmutations | 3 4 |  4.8
Invocations    | 3 4 5 |  5.3
Dodging        | 3 4 5 |  5.2
Spellcasting   | 3 4 |  4.8
Fighting       | 1 2 |  2.3
Staves         | 1 2 |  2.3
Stealth        | 3 4 |  4.6
Fire Magic     | 1 2 |  2.4

Action                   |  1- 3 |  4- 6 |  7- 9 || total
-------------------------+-------+-------+-------++-------
Melee: Quarterstaff      |    14 |    12 |     6 ||    32
       Unarmed           |     3 |       |       ||     3
       Constrict         |     2 |     1 |     1 ||     4
       Tentacles         |     1 |     2 |     2 ||     5
 Cast: Sandblast         |     9 |    21 |     2 ||    32
       Stone Arrow       |       |     1 |     1 ||     2
       Lee's Rapid Decon |       |       |    10 ||    10
Invok: Channel Magic     |       |       |     2 ||     2
  Use: Potion            |       |     4 |     1 ||     5
 Stab: Sleeping          |     1 |       |     1 ||     2
       Invisible         |       |     1 |       ||     1
Armor: Skin              |     2 |       |       ||     2
Dodge: Dodged            |    21 |    15 |    11 ||    47

Table legend: (Time is in decaauts)
 A = Elapsed time spent in this place.
 B = Non-inter-level travel time spent in this place.
 C = Inter-level travel time spent in this place.
 D = Time resting spent in this place.
 E = Time spent auto-exploring this place.
 F = Levels seen in this place.
 G = Mean time per level.
                   A        B        C        D        E       F      G
               +--------+--------+--------+--------+--------+-----+--------+
         Total |   1076 |   1076 |      0 |    684 |      0 |   1 | 1076.0 |
       Dungeon |   1076 |   1076 |      0 |    684 |      0 |   1 | 1076.0 |
               +--------+--------+--------+--------+--------+-----+--------+

Top non-repeatable levels by time:
       D: 1076 daAuts
